 Dungeon Crawl Stone Soup version 0.22.1-6-g1668fe2c40 (webtiles) character file.

132420 Kenran the Warrior (level 16, -6/149 HPs)
             Began as a Demigod Fighter on Jan 24, 2019.
             Killed by divine providence
             ... invoked by Saint Roka
              (10 damage)
             ... while paralysed by an orc sorcerer
             ... on level 2 of the Snake Pit.
             The game lasted 01:18:37 (35842 turns).

Kenran the Warrior (Demigod Fighter)               Turns: 35842, Time: 01:18:38

Health: -6/149     AC: 24    Str: 27    XL:     16   Next: 9%
Magic:  0/23       EV:  2    Int: 12    God:
Gold:   1649       SH:  0    Dex: 24    Spells: 15/15 levels left

rFire    + . .     SeeInvis .   a - +5 demon blade (elec)
rCold    + . .     Gourm    .   V - +2 large shield
rNeg     . . .     Faith    .   T - +3 plate armour {rC+}
rPois    +         Spirit   +   (no helmet)
rElec    +         Reflect  .   G - +0 cloak
rCorr    .         Harm     .   z - +1 pair of gloves
MR       .....                  K - +2 pair of boots
Stlth    ..........             p - amulet of guardian spirit
HPRegen  0.34/turn              D - +4 ring of protection
MPRegen  0.18/turn              Q - ring of Hanitung {*Corrode rElec rPois rF+ MR-, !a}

@: paralysed, agile, corroded, very slightly contaminated, drained
A: agile 1, high mp 1
a: no special abilities


You were on level 2 of the Snake Pit.
You were not hungry.

You visited 4 branches of the dungeon, and saw 25 of its levels.
You also visited: Bailey.

You collected 2348 gold pieces.
You spent 699 gold pieces at shops.

Inventory:

Hand Weapons
 a - a +5 demon blade of electrocution (weapon)
 b - the +10 scimitar of Calculation {slice, MR++}
   (You found it on level 13 of the Dungeon)

   It inflicts extra damage upon your enemies.
   It affects your resistance to hostile enchantments.
 L - a +0 scimitar of flaming
Missiles
 y - 2 throwing nets (quivered)
Armour
 z - a +1 pair of gloves (worn)
 G - a +0 cloak (worn)
 K - a +2 pair of boots (worn)
 T - a +3 plate armour of cold resistance (worn)
 V - a +2 large shield (worn)
Jewellery
 l - an uncursed ring of magical power
 p - an amulet of guardian spirit (around neck)
 v - an uncursed ring of positive energy
 D - a +4 ring of protection (left hand)
 H - an uncursed ring of protection from cold
 Q - the ring of Hanitung (right hand) {*Corrode rElec rPois rF+ MR-, !a}
   (You found it on level 11 of the Dungeon)

   [ring of protection from fire]

   It protects you from fire.
   It insulates you from electricity.
   It protects you from poison.
   It affects your resistance to hostile enchantments.
   It may corrode you when you take damage.
Wands
 c - a wand of disintegration (15)
 e - a wand of iceblast (7)
 n - a wand of flame (52)
 w - a wand of paralysis (16)
 A - a wand of acid (12)
 B - a wand of random effects (26)
 J - a wand of enslavement (15)
 N - a wand of scattershot (8)
Scrolls
 i - 6 scrolls of magic mapping
 j - 4 scrolls of fear
 m - a scroll of remove curse {@r2}
 o - a scroll of brand weapon
 q - 4 scrolls of immolation {!r}
 t - 13 scrolls of teleportation {@r4}
 x - 8 scrolls of amnesia
 E - 2 scrolls of blinking {@r3}
 O - 2 scrolls of summoning
 P - 4 scrolls of fog
Potions
 d - 5 potions of curing {@q1}
 h - a potion of invisibility
 k - 2 potions of heal wounds {@q2}
 r - 4 potions of lignification {!q}
 s - 2 potions of ambrosia
 u - 3 potions of mutation {!q}
 F - 2 potions of brilliance
 I - 5 potions of cancellation {@q6}
 M - a potion of magic
 S - a potion of haste {@q3}
 W - 2 potions of resistance
Miscellaneous
 C - a sack of spiders
 R - a fan of gales
 U - a box of beasts
Comestibles
 f - 31 rations
 X - 2 chunks of flesh


   Skills:
 + Level 15.4(14.7) Fighting
 - Level 14.0(13.3) Long Blades
   Level 11.2(10.6) Axes
 - Level 10.0(9.4) Armour
 - Level 4.1(3.6) Dodging
 - Level 10.0(9.4) Shields
 - Level 5.0(4.5) Evocations


You had 15 spell levels left.
You didn't know any spells.
Your spell library contained the following spells:

 Spells                   Type           Power        Failure   Level  Hunger
 Beastly Appendage        Tmut           #.....       100%        1    ##.....
 Corona                   Hex            #......      100%        1    ##.....
 Flame Tongue             Conj/Fire      #....        100%        1    ##.....
 Summon Butterflies       Summ           #.......     100%        1    ##.....
 Slow                     Hex            #.......     100%        2    ###....
 Sticks to Snakes         Tmut           #.......     100%        2    ###....
 Throw Flame              Conj/Fire      #.....       100%        2    ###....
 Call Canine Familiar     Summ           #.......     100%        3    ####...
 Conjure Flame            Conj/Fire      #.......     100%        3    ####...
 Inner Flame              Hex/Fire       #.......     100%        3    ####...
 Portal Projectile        Hex/Tloc       #.....       100%        3    ####...
 Spider Form              Tmut/Pois      #.........   100%        3    ####...
 Cause Fear               Hex            #.........   100%        4    #####..
 Ice Form                 Ice/Tmut       #.......     100%        4    #####..
 Leda's Liquefaction      Hex/Erth       #.........   100%        4    #####..
 Sticky Flame             Conj/Fire      #.......     100%        4    #####..
 Summon Ice Beast         Ice/Summ       #.......     100%        4    #####..
 Summon Lightning Spire   Summ/Air       #.......     100%        4    #####..
 Blade Hands              Tmut           #.........   100%        5    ######.
 Fireball                 Conj/Fire      #.........   100%        5    ######.
 Silence                  Hex/Air        #.........   100%        5    ######.
 Summon Mana Viper        Hex/Summ       #.......     100%        5    ######.
 Conjure Ball Lightning   Conj/Air       #.........   100%        6    #######
 Deflect Missiles         Chrm/Air       #.........   100%        6    #######
 Summon Hydra             Summ           #.........   100%        7    #######
 Tornado                  Air            #.........   100%        9    #######


Dungeon Overview and Level Annotations

Branches:
Dungeon (15/15)            Temple (0/1) D:7            Lair (6/6) D:9
 Shoals (0/4) Lair:4        Snake (2/4) Lair:4        Slime (0/5) Lair:5
    Orc (2/2) D:9             Elf (0/3) Orc:2        Vaults (0/5) D:14
 Depths (0/5) D:15

Shops:
D:7 ?   D:9 [(   Orc:2 }=:(

Annotations:
D:1 exclusion: downstairs
D:8 1 runed door, tensugalgo's ghost, novice GnSk
D:10 exclusion: oklob plant
Lair:4 3 runed doors, Ryaria's ghost, journeyman HaHu
Lair:5 exclusion: downstairs
Lair:6 5 runed doors, tensugalgo's ghost, journeyman GnMo
Snake:1 exclusion: downstairs
Snake:2 Saint Roka


Innate Abilities, Weirdness & Mutations

You have an increased reservoir of magic. (+10% MP)
You are agile. (Dex +2)


Message History

Beogh smites you!
* * * LOW HITPOINT WARNING * * *
Blink to where?
Press: ? - help, Dir - move target cursor You are very lightly contaminated with residual magic.
As you read the scroll of blinking {@r3}, it crumbles to dust.
Saint Roka says, "Down here, you're an orc or you're nobody."
Saint Roka roars a battlecry!
The orc sorcerer goes into a battle-frenzy!
The orc sorcerer points at you and mumbles some strange words.
You suddenly lose the ability to move!
Saint Roka mumbles some strange prayers to Beogh against you.
Beogh smites you!
* * * LOW HITPOINT WARNING * * *
Saint Roka calls down the wrath of Beogh upon you.
Beogh smites you!
* * * LOW HITPOINT WARNING * * *
Saint Roka calls down the wrath of Beogh upon you.
Beogh smites you!
You die...

##########...........##'#########
##########............#.###
...#....##............o........
...'....##........P............
...#....##.....................
........#######.......#########
...#.<...#######..o..#####
####..............)........
......>.........@..........
...........................
...........................
...........................
...........................
...........................
..........................
#########################


You could see Saint Roka and an orc sorcerer.

Vanquished Creatures
  Vashnia (Snake:2)
  Rupert (Snake:1)
  Asterion (Snake:2)
  Agnes (Snake:1)
  3 nagarajas (Snake:2)
  An orc warlord (Orc:2)
  Louise (Snake:1)
  A stone giant (Orc:2)
  A fire dragon (D:15)
  A yaktaur captain (D:14)
  6 naga warriors
  7 hydras
  An ice dragon (D:15)
  3 anacondas
  3 centaur warriors (D:14)
  Erica (D:11)
  5 two-headed ogres
  6 death yaks (Lair:6)
  11 naga sharpshooters
  4 orc high priests (Orc:2)
  3 shock serpents (Snake:2)
  A fire crab (Lair:6)
  3 unseen horrors
  A sea snake (Snake:1)
  2 naga ritualists
  3 mana vipers (Snake:2)
  7 orc knights
  2 deep elf magi
  22 ugly things
  10 orc sorcerers
  A manticore (D:15)
  5 centaur zombies
  5 cyclopes
  6 salamanders
  A guardian serpent (Snake:2)
  10 naga magi
  17 black mambas
  8 spiny frogs
  3 molten gargoyles (Lair:6)
  2 centaur skeletons (D:14)
  A rime drake (Lair:6)
  2 yaktaurs (D:14)
  12 komodo dragons
  2 tengu conjurers (D:13)
  9 trolls
  A polar bear (Lair:5)
  12 dream sheep
  9 blink frogs
  9 hippogriffs
  5 slime creatures (D:13)
  A spriggan (D:7)
  16 yaks
  A vampire (D:12)
  6 wyverns
  6 basilisks (Lair:6)
  2 wraiths
  4 steam dragons
  6 vampire mosquitoes
  3 hungry ghosts
  6 wargs
  21 nagas
  Duvessa (D:7)
  3 acid dragons
  3 hell hounds (Lair:6)
  10 water moccasins
  5 porcupines
  47 orc warriors
  A phantom (D:14)
  5 sky beasts
  5 ice beasts
  20 ogres
  4 black bears
  An eye of draining (D:10)
  15 wolves
  11 crocodiles
  19 centaurs
  4 big kobolds
  23 bullfrogs
  Dowan (D:7)
  2 wyvern zombies
  A water moccasin skeleton (D:4)
  5 scorpions
  17 killer bees
  29 wights
  8 howler monkeys
  2 electric eels
  3 crimson imps
  5 lava snakes (Lair:6)
  2 quasits
  3 bullfrog zombies
  9 hounds
  2 gnoll shamans (D:7)
  38 orc priests
  Crazy Yiuf (D:2)
  3 jellies
  21 orc wizards
  3 bullfrog skeletons
  Terence (D:2)
  6 iguanas
  7 worker ants
  A killer bee zombie (D:10)
  A hound skeleton (D:5)
  2 worker ant zombies
  8 adders
  17 gnolls
  2 shadow imps
  4 oozes
  An adder skeleton (D:4)
  3 worms (D:2)
  3 dart slugs
  7 leopard geckos
  149 orcs
  A ball python (D:2)
  6 bats
  9 giant cockroaches
  18 goblins
  13 hobgoblins
  9 jackals
  3 quokkas
  5 frilled lizards (D:2)
  20 kobolds
  A leopard gecko skeleton (D:4)
  A leopard gecko zombie (D:8)
  7 rats
  A fungus (Lair:1)
943 creatures vanquished.

Vanquished Creatures (others)
  A naga (Snake:1)
  An orc (Snake:2)
  12 fungi
  7 plants
  4 toadstools (D:1)
25 creatures vanquished.

Grand Total: 968 creatures vanquished

Notes
Turn   | Place    | Note
-------+----------+-------------------------------------------
     0 | D:1      | Kenran the Demigod Fighter began the quest for the Orb.
     0 | D:1      | Reached XP level 1. HP: 18/18 MP: 3/3
    59 | D:1      | Reached XP level 2. HP: 15/25 MP: 4/4
   360 | D:1      | Reached skill level 3 in Fighting
   533 | D:1      | Reached XP level 3. HP: 30/31 MP: 5/5
   793 | D:2      | Noticed an orc warrior
   866 | D:2      | Found a runed door.
  1112 | D:2      | Reached XP level 4. HP: 35/38 MP: 6/6
  1680 | D:2      | Noticed Terence
  1698 | D:2      | Killed Terence
  1718 | D:2      | Reached XP level 5. HP: 44/45 MP: 7/7
  2018 | D:3      | Found a white marble altar of Elyvilon.
  2018 | D:3      | Found a radiant altar of Vehumet.
  2291 | D:3      | Found a basalt altar of Yredelemnul.
  2535 | D:4      | Noticed an ogre
  2544 | D:3      | Reached skill level 5 in Long Blades
  2712 | D:4      | Reached skill level 1 in Axes
  2712 | D:4      | Reached XP level 6. HP: 42/51 MP: 8/8
  3099 | D:4      | Got a faintly glowing leather armour
  3338 | D:4      | Found an ancient bone altar of Kikubaaqudgha.
  3422 | D:5      | Entered Level 5 of the Dungeon
  3429 | D:4      | Reached XP level 7. HP: 56/57 MP: 9/9
  3464 | D:5      | Identified the cursed +1 leather armour of Voburhir {+Blink
                  | rC+} (You found it on level 4 of the Dungeon)
  3524 | D:5      | Found a blossoming altar of Fedhas.
  3723 | D:5      | Found an ornate altar of the Wu Jian Council.
  3834 | D:5      | Reached skill level 5 in Axes
  4627 | D:6      | Reached XP level 8. HP: 43/63 MP: 10/10
  5340 | D:2      | Noticed Crazy Yiuf
  5347 | D:2      | Killed Crazy Yiuf
  5709 | D:7      | Reached skill level 4 in Fighting
  5992 | D:7      | Reached skill level 5 in Fighting
  5992 | D:7      | Reached XP level 9. HP: 41/74 MP: 11/11
  6269 | D:7      | Noticed Duvessa
  6269 | D:7      | Noticed Dowan
  6298 | D:7      | Killed Duvessa
  6505 | D:7      | Killed Dowan
  6584 | D:7      | Reached skill level 10 in Axes
  6905 | D:7      | Found Tavievit's Magic Scroll Emporium.
  6919 | D:7      | Bought a scroll of enchant weapon for 105 gold pieces
  6919 | D:7      | Bought a scroll of blinking for 105 gold pieces
  7112 | D:7      | Found a staircase to the Ecumenical Temple.
  7652 | D:8      | Found a runed door.
  7658 | D:8      | Noticed tensugalgo's ghost (novice GnSk)
  7956 | D:8      | Found a deep blue altar of Sif Muna.
  8229 | D:9      | Reached XP level 10. HP: 65/81 MP: 13/13
  8331 | D:9      | Found Noivof's Armour Shop.
  8342 | D:9      | Found a staircase to the Orcish Mines.
  8350 | D:9      | Found Agarph's Weapon Shop.
  8467 | D:9      | Noticed a deep elf mage
  8484 | D:9      | Killed a deep elf mage
  8980 | D:9      | Found a sacrificial altar of Ru.
  9263 | D:9      | Found a staircase to the Lair.
  9372 | D:10     | Entered Level 10 of the Dungeon
  9413 | D:10     | Noticed an oklob plant
  9525 | D:10     | Found a flagged portal.
  9531 | Bailey   | Entered a bailey
 10732 | Lair:1   | Entered Level 1 of the Lair of Beasts
 10771 | Lair:1   | Noticed an eight-headed hydra
 10778 | Lair:1   | Killed an eight-headed hydra
 11047 | Lair:1   | Reached skill level 10 in Long Blades
 11261 | Lair:1   | Noticed a black mamba
 11274 | Lair:1   | Killed a black mamba
 11274 | Lair:1   | Reached XP level 11. HP: 57/88 MP: 14/14
 12174 | Lair:2   | Reached skill level 1 in Evocations
 13875 | Lair:3   | Got a transparent dagger
 13876 | Lair:3   | Identified the +6 dagger "Tidaarph" {pierce, rC+ MR- Str+4}
                  | (You found it on level 3 of the Lair of Beasts)
 14452 | Lair:4   | Reached skill level 6 in Fighting
 14469 | Lair:4   | Found a staircase to the Snake Pit.
 14740 | Lair:4   | Found a staircase to the Shoals.
 14824 | Lair:4   | Found a runed gate.
 14824 | Lair:4   | Found a runed gate.
 14824 | Lair:4   | Found a runed gate.
 15015 | Lair:4   | Reached skill level 5 in Evocations
 15018 | Lair:4   | Reached skill level 7 in Fighting
 15403 | Lair:4   | Noticed Ryaria's ghost (journeyman HaHu)
 16167 | Lair:5   | Reached skill level 5 in Armour
 16178 | Lair:5   | Noticed a four-headed hydra
 16188 | Lair:5   | Killed a four-headed hydra
 16188 | Lair:5   | Reached XP level 12. HP: 97/100 MP: 19/19
 16225 | Lair:5   | Noticed a six-headed hydra
 16238 | Lair:5   | Killed a six-headed hydra
 16617 | Lair:5   | Found a staircase to the Slime Pits.
 16619 | Lair:5   | Found a viscous altar of Jiyva.
 16949 | Lair:6   | Entered Level 6 of the Lair of Beasts
 17109 | Lair:6   | Noticed a four-headed hydra
 17729 | Lair:6   | Noticed a four-headed hydra
 17738 | Lair:6   | Killed a four-headed hydra
 17930 | Lair:6   | Reached skill level 8 in Fighting
 17930 | Lair:6   | Reached skill level 5 in Shields
 18158 | D:9      | Bought a +2 pair of boots for 247 gold pieces
 18788 | Lair:6   | Killed a four-headed hydra
 18986 | Lair:6   | Found a runed gate.
 18986 | Lair:6   | Found a runed gate.
 18993 | Lair:6   | Found a runed gate.
 19147 | Lair:6   | Reached XP level 13. HP: 28/107 MP: 8/20
 19149 | Lair:6   | HP: 5/107 [lava snake/glob of lava (2)]
 19865 | Lair:6   | Found a large runed door.
 19866 | Lair:6   | Found a large runed door.
 20246 | Lair:6   | Noticed tensugalgo's ghost (journeyman GnMo)
 20819 | D:11     | Got a glittering ivory ring
 21240 | D:11     | Reached skill level 9 in Fighting
 21366 | D:11     | Noticed Erica
 21379 | D:11     | Killed Erica
 22038 | D:12     | Identified the ring of Hanitung {*Corrode rElec rPois rF+
                  | MR-} (You found it on level 11 of the Dungeon)
 23404 | D:13     | Reached skill level 10 in Fighting
 23423 | D:13     | Got a warped scimitar
 23424 | D:13     | Identified the +10 scimitar of Calculation {slice, MR++}
                  | (You found it on level 13 of the Dungeon)
 23883 | D:14     | Found a gate to the Vaults.
 24099 | D:14     | Found a white marble altar of Elyvilon.
 24124 | D:14     | Reached skill level 1 in Dodging
 24480 | D:14     | Reached XP level 14. HP: 43/121 MP: 5/21
 25904 | Orc:1    | Entered Level 1 of the Orcish Mines
 26305 | Orc:2    | Entered Level 2 of the Orcish Mines
 26879 | Orc:2    | Found a roughly hewn altar of Beogh.
 26950 | Orc:2    | Reached skill level 10 in Armour
 27029 | Orc:2    | Found Xohagud's Weapon Boutique.
 27075 | Orc:2    | Found Koluosuq's Book Shop.
 27425 | Orc:2    | Reached skill level 11 in Fighting
 27476 | Orc:2    | Noticed an orc warlord
 27548 | Orc:2    | Killed an orc warlord
 28279 | Orc:2    | Found Sir Bol's Jewellery Boutique.
 28298 | Orc:2    | Found a roughly hewn altar of Beogh.
 28332 | Orc:2    | Found Jelyps's Gadget Shop.
 28344 | Orc:2    | Bought a wand of acid (7) for 242 gold pieces
 28844 | Orc:2    | Found a staircase to the Elven Halls.
 29527 | D:15     | Entered Level 15 of the Dungeon
 30092 | D:15     | Paralysed by an orc sorcerer for 7 turns
 30108 | D:15     | Reached skill level 12 in Fighting
 30212 | D:15     | Reached XP level 15. HP: 89/132 MP: 22/22
 31008 | D:15     | Found a staircase to the Depths.
 31307 | Snake:1  | Entered Level 1 of the Snake Pit
 31422 | Snake:1  | Noticed Rupert
 31450 | Snake:1  | Killed Rupert
 31621 | Snake:1  | Noticed Louise
 31638 | Snake:1  | Killed Louise
 31787 | Snake:1  | Noticed Agnes
 31810 | Snake:1  | Killed Agnes
 32341 | Snake:1  | Reached skill level 13 in Fighting
 33272 | Snake:2  | Reached skill level 10 in Shields
 33388 | Snake:2  | Noticed Asterion
 33410 | Snake:2  | Killed Asterion
 33722 | Snake:2  | Noticed Vashnia
 33791 | Snake:2  | Killed Vashnia
 33791 | Snake:2  | Reached skill level 14 in Fighting
 34147 | Snake:2  | Noticed Saint Roka
 34207 | Snake:2  | Gained mutation: You are agile. (Dex +2) [a neqoxec]
 34900 | Snake:2  | Noticed a nagaraja
 34915 | Snake:2  | Killed a nagaraja
 35049 | Snake:2  | Noticed a nagaraja
 35072 | Snake:2  | Killed a nagaraja
 35349 | Snake:2  | Reached skill level 15 in Fighting
 35375 | Snake:2  | Noticed a nagaraja
 35384 | Snake:2  | Killed a nagaraja
 35384 | Snake:2  | Reached XP level 16. HP: 149/149 MP: 23/23
 35838 | Snake:2  | Paralysed by an orc sorcerer for 7 turns
 35841 | Snake:2  | HP: 3/149 [Saint Roka/divine providence (13)]
 35842 | Snake:2  | Killed from afar by Saint Roka

Skill      XL: |  1  2  3  4  5  6  7  8  9 10 11 12 13 14 15 |
---------------+----------------------------------------------+-----
Long Blades    | 2 3 4 5 10 11 13 14 | 14.0
Armour         | 3 5 7 9 10 | 10.0
Fighting       | 3 5 7 8 10 12 15 | 15.4
Shields        | 3 5 8 10 | 10.0
Axes           | 1 4 7 8 11 | 11.2
Evocations     | 5 |  5.0
Dodging        | 3 4 |  4.1

Action                   |  1- 3 |  4- 6 |  7- 9 | 10-12 | 13-15 | 16-18 || total
-------------------------+-------+-------+-------+-------+-------+-------++-------
Melee: Long sword        |   172 |   158 |       |       |       |       ||   330
       War axe           |       |    38 |   398 |    12 |       |       ||   448
       Demon blade       |       |       |       |   824 |  1572 |    61 ||  2457
       Dagger            |       |       |       |    18 |       |       ||    18
       Scimitar          |       |       |       |       |   227 |       ||   227
Evoke: Wand              |       |       |       |    19 |    15 |       ||    34
  Use: Potion            |     1 |     1 |     1 |     4 |    13 |     2 ||    22
       Scroll            |       |     6 |     5 |    13 |    11 |     1 ||    36
 Stab: Invisible         |       |       |       |       |     2 |       ||     2
  Eat: Chunk             |     1 |     4 |     8 |    13 |    18 |       ||    44
       Ration            |       |     1 |     4 |     7 |    11 |       ||    23
Armor: Scale mail        |    24 |       |       |       |       |       ||    24
       Chain mail        |    63 |   119 |   248 |   453 |   444 |       ||  1327
       Skin              |       |     7 |       |       |       |       ||     7
       Leather armour    |       |       |     2 |       |       |       ||     2
       Plate armour      |       |       |       |       |   282 |    15 ||   297
Dodge: Dodged            |    38 |    44 |    88 |   175 |   292 |     5 ||   642
Block: Shield            |   102 |   126 |   211 |   391 |   540 |       ||  1370
       Large shield      |       |       |       |       |   409 |    24 ||   433
       Rpst.: Long sword |    17 |    13 |       |       |       |       ||    30
       Demon blade       |       |       |       |    42 |    65 |     2 ||   109
       Scimitar          |       |       |       |       |     4 |       ||     4
